 Dungeon Crawl Stone Soup version 0.26-a0-648-g87339cca5e (webtiles) character file.

Game seed: 17229776885732710064

29 knot the Chopper (level 3, 29/29 HPs)
             Began as a Demonspawn Berserker on Sept 26, 2020.
             Was a Follower of Trog.
             Quit the game on level 2 of the Dungeon.
             The game lasted 00:01:07 (1525 turns).

knot the Chopper (Demonspawn Berserker)             Turns: 1525, Time: 00:01:07

Health: 29/29      AC: 10    Str: 17    XL:     3   Next: 1%
Magic:  3/3        EV:  5    Int:  9    God:    Trog [*.....]
Gold:   140        SH:  0    Dex: 12    Spells: 2/2 levels left

rFire    . . .     SeeInvis .   a - +0 hand axe
rCold    . . .     Faith    .   (no shield)
rNeg     . . .     Spirit   .   g - +0 plate armour
rPois    .         Reflect  .   (no helmet)
rElec    .         Harm     .   (no cloak)
rCorr    .         Rampage  .   (no gloves)
MR       .....                  (no boots)
Stlth    ..........             (no amulet)
HPRegen  0.09/turn              (no ring)
MPRegen  0.08/turn              (no ring)

@: no status effects
A: demonic guardian 1, powered by death 1
a: Berserk, Renounce Religion


You were on level 2 of the Dungeon.
You worshipped Trog.
Trog was aware of your devotion.
You visited 1 branch of the dungeon, and saw 2 of its levels.

You collected 140 gold pieces.

Inventory:

Hand Weapons
 a - a +0 hand axe (weapon)
Armour
 g - a +0 plate armour (worn)
Scrolls
 c - a scroll of remove curse {unknown}
 d - 2 scrolls of blinking {unknown}
Potions
 b - a potion of lignification {unknown}
 e - a potion of brilliance {unknown}
 f - a potion of might {unknown}
 h - a potion of curing {unknown}
 i - 2 potions of degeneration {unknown}


   Skills:
 - Level 3.0 Fighting
 * Level 3.7 Axes
 * Level 0.3 Throwing
 - Level 1.7 Armour
 - Level 1.7 Dodging


You had 2 spell levels left.
You didn't know any spells.
Your spell library was empty.

Dungeon Overview and Level Annotations

Branches:
Dungeon (2/15)

Altars:
Elyvilon


Innate Abilities, Weirdness & Mutations

A weak demonic guardian rushes to your aid.
You regenerate a little health from kills.


Message History

A hobgoblin comes into view. It is wielding a +0 club.
The hobgoblin shouts!
You closely miss the hobgoblin.
The hobgoblin hits you but does no damage.
You barely miss the hobgoblin. The hobgoblin barely misses you.
A worm comes into view.
You hit the hobgoblin but do no damage.
The hobgoblin hits you but does no damage.
You hit the hobgoblin.
The hobgoblin is heavily wounded.
The hobgoblin hits you but does no damage.
You hit the hobgoblin.
You kill the hobgoblin!
Trog accepts your kill.
You have reached level 3!
Your experience leads to an increase in your attributes!
Increase (S)trength, (I)ntelligence, or (D)exterity?
You feel clever.
Your demonic ancestry asserts itself...
You feel the presence of a demonic guardian.
Are you sure you want to abandon this character and quit the game? (Confirm with "yes".)

.......# #...........
.......# #..######.#.
....#..# ###.######..
.......#####..........#
...........#.#.########
................#
................#
.....#..........###
.....#..........@)#
......######.........#
......# #.........#
..#.#.#### #.........#
..._.......########..#
#.#.#...... #w#
...........# .#
...........# .
...........#


You could see a worm.

Vanquished Creatures
  A worm (D:2)
  2 dart slugs (D:2)
  4 goblins
  8 hobgoblins
  A kobold (D:1)
  4 rats
20 creatures vanquished.

Notes
Turn   | Place    | Note
-------+----------+-------------------------------------------
     0 | D:1      | knot the Demonspawn Berserker began the quest for the Orb.
     0 | D:1      | Reached XP level 1. HP: 18/18 MP: 1/1
   320 | D:1      | Gained mutation: You regenerate a little health from kills.
                  | [demonic ancestry]
   320 | D:1      | Reached XP level 2. HP: 20/24 MP: 2/2
  1377 | D:2      | Found a white marble altar of Elyvilon.
  1524 | D:2      | Gained mutation: A weak demonic guardian rushes to your
                  | aid. [demonic ancestry]
  1524 | D:2      | Reached XP level 3. HP: 29/29 MP: 3/3
  1525 | D:2      | Quit the game

Illustrated notes

Levels and vault maps discovered:
D:1:      dpeg_arrival_round_b, layout_basic, serial_bayou_pond_e
D:2:      layout_rooms, lemuel_crystal_altar

Skill      XL: |  1 |
---------------+----+-----
Axes           | 3 |  3.7
Fighting       | |  3.0
Throwing       | |  0.3
Armour         | |  1.7
Dodging        | |  1.7

Action                   || total
-------------------------++-------
Melee: Hand axe          ||    55
Invok: Berserk           ||     1
Armor: Animal skin       ||     2
       Plate armour      ||    14
Dodge: Dodged            ||    20

Table legend: (Time is in decaauts)
 A = Elapsed time spent in this place.
 B = Non-inter-level travel time spent in this place.
 C = Inter-level travel time spent in this place.
 D = Time resting spent in this place.
 E = Time spent auto-exploring this place.
 F = Levels seen in this place.
 G = Mean time per level.
                   A        B        C        D        E       F      G
               +--------+--------+--------+--------+--------+-----+--------+
         Total |   1542 |   1431 |    111 |    140 |   1145 |   2 |  771.0 |
       Dungeon |   1542 |   1431 |    111 |    140 |   1145 |   2 |  771.0 |
               +--------+--------+--------+--------+--------+-----+--------+

Top non-repeatable levels by time:
     D:1: 1199 daAuts
     D:2: 342 daAuts
